 Dungeon Crawl Stone Soup version 0.27.1-1-g398f81649c (webtiles) character file.

Game seed: 13946196527517600399

204 safid the Chopper (level 5, 14/47 HPs)
             Began as a Hill Orc Fighter on Sept 11, 2021.
             Quit the game on level 4 of the Dungeon on Sept 12, 2021.
             The game lasted 00:05:01 (3008 turns).

safid the Chopper (Hill Orc Fighter)                Turns: 3008, Time: 00:05:02

Health: 14/47      AC:  8    Str: 20    XL:     5   Next: 82%
Magic:  5/5        EV:  7    Int:  8    God:
Gold:   144        SH:  9    Dex: 10    Spells: 4/4 levels left

rFire    . . .     SeeInvis .   a - +0 war axe
rCold    . . .     Faith    .   c - +0 kite shield
rNeg     . . .     Spirit   .   b - +0 scale mail
rPois    .         Reflect  .   (no helmet)
rElec    .         Harm     .   g - +0 cloak
rCorr    .         Rampage  .   (no gloves)
Will     .....                  (no boots)
Stlth    ..........             (no amulet)
HPRegen  0.15/turn              (no ring)
MPRegen  0.09/turn              (no ring)

@: no status effects
A: no striking features
a: no special abilities


You were on level 4 of the Dungeon.
You visited 1 branch of the dungeon, and saw 4 of its levels.

You collected 144 gold pieces.

Inventory:

Hand Weapons
 a - a +0 war axe (weapon)
Armour
 b - a +0 scale mail (worn)
 c - a +0 kite shield (worn)
 g - a +0 cloak (worn)
Wands
 k - a wand of charming (12)
Scrolls
 e - a scroll of fear {unknown}
 f - 2 scrolls of teleportation {unknown}
 h - 2 scrolls of holy word {unknown}
 i - a scroll of noise {unknown}
 j - a scroll of identify {unknown}
 l - a scroll of enchant armour {unknown}
 m - a scroll of vulnerability {unknown}
 p - a scroll of blinking {unknown}
Potions
 d - a potion of might
 n - a potion of curing {unknown}
 o - a potion of magic {unknown}
 q - a potion of lignification {unknown}


   Skills:
 + Level 4.6 Fighting
 + Level 5.4 Axes
 + Level 4.1 Armour
 + Level 4.3 Shields


You had 4 spell levels left.
You didn't know any spells.
Your spell library contained the following spells:

 Spells                   Type           Power      Damage    Failure   Level
 Beastly Appendage        Tmut           0%         N/A       99%         1
 Wereblood                Tmut           0%         N/A       100%        2
 Call Canine Familiar     Summ           0%         N/A       100%        3
 Portal Projectile        Hex/Tloc       0%         N/A       100%        3
 Spider Form              Tmut/Pois      0%         N/A       100%        3
 Leda's Liquefaction      Hex/Erth       0%         N/A       100%        4


Dungeon Overview and Level Annotations

Branches:
Dungeon (4/15)
 Temple: D:4-7

Altars:
Cheibriados

Shops:
D:3 :

Annotations:
D:2 1 runed translucent door, Crazy Yiuf


Message History

You slash the orc!
You kill the orc!
You hit the orc priest. You block the orc priest's attack.
Things that are here:
a +0 club; a +0 leather armour
Found a runed scarf.
The orc priest looks braver for a moment.
The orc priest shouts, "Beogh is our master!
Accept the truth or die!"
The orc priest hits you with a +0 mace.
Things that are here:
a +0 club; a +0 leather armour You closely miss the orc priest.
The orc priest shouts, "Beogh is our master!
Accept the truth or die!"
The orc priest is heavily wounded.
The orc priest barely misses you. The orc priest hits you with a +0 mace.
* * * LOW HITPOINT WARNING * * *
You barely miss the orc priest.
The orc priest is heavily wounded.
You block the orc priest's attack.
Your shield and scale mail prevent you from hitting the orc priest.
The orc priest is heavily wounded.
The orc priest miscasts a cantrip.
You block the orc priest's attack.
You closely miss the orc priest.
The orc priest is heavily wounded.
The orc priest shouts, "Surrender to Beogh and we'll let you live!"
The orc priest closely misses you.
You slash the orc priest!
You kill the orc priest!
Items here: )) [ ††.
There is a stone staircase leading up here.
Items here: )) [ ††.
Things that are here:
a +0 club; a +0 leather armour
Found a stone staircase leading down.
You see here a scarf of invisibility.
Unknown command.
Welcome back, safid the Hill Orc Fighter.
Press ? for a list of commands and other information.
Are you sure you want to abandon this character and quit the game? (Confirm with "yes".)

##..##.##..##..
..............
..##.##..##.##
#.##.##..#...
..####.##.##..#..#
......<))....)#..#
..####.##.##..#..####
................##.#
###.##.##....@.......
#.##.###.#..##.##.#
..............
#.######.#.#### ...
...... ......#
..##.### .. ..


There were no monsters in sight!

Vanquished Creatures
  A water moccasin skeleton (D:2)
  An orc priest (D:4)
  A centaur skeleton (D:3)
  An adder (D:3)
  A worm (D:2)
  7 dart slugs
  7 orcs
  5 bats
  6 endoplasms
  2 giant cockroaches
  9 goblins
  7 hobgoblins
  2 kobolds
  3 quokkas
  3 ball pythons
  3 frilled lizards (D:1)
  5 rats
64 creatures vanquished.

Notes
Turn   | Place    | Note
-------+----------+-------------------------------------------
     0 | D:1      | safid the Hill Orc Fighter began the quest for the Orb.
     0 | D:1      | Reached XP level 1. HP: 19/19 MP: 1/1
   150 | D:1      | Reached XP level 2. HP: 11/27 MP: 2/2
   418 | D:1      | Found a faded altar of an unknown god.
   513 | D:1      | Reached skill level 3 in Axes
   676 | D:1      | Reached XP level 3. HP: 32/33 MP: 3/3
  1174 | D:2      | Found a runed translucent door.
  1175 | D:2      | Noticed Crazy Yiuf
  1348 | D:2      | Reached skill level 4 in Axes
  1348 | D:2      | Reached XP level 4. HP: 19/40 MP: 4/4
  2163 | D:3      | Reached XP level 5. HP: 42/47 MP: 5/5
  2354 | D:3      | Reached skill level 5 in Axes
  2449 | D:3      | Found Jeong's Book Boutique.
  2855 | D:3      | Found a snail-covered altar of Cheibriados.
  2918 | D:4      | Noticed an ogre
  3008 | D:4      | Quit the game

Illustrated notes

Levels and vault maps discovered:
D:1:      dpeg_arrival_erosion, layout_loops_ring,
          shapermc_ecumenical_altar_pompeii
D:2:      layout_loops_ring, uniq_crazy_yiuf_cottage
D:3:      layout_basic, lemuel_coloured_pillars_altar, serial_shops, shop_statue
D:4:      layout_basic

Skill      XL: |  1  2  3  4  5 |
---------------+----------------+-----
Fighting       | 4 |  4.6
Axes           | 3 4 5 |  5.4
Shields        | 4 |  4.3
Armour         | 4 |  4.1

Action                   |  1- 3 |  4- 6 || total
-------------------------+-------+-------++-------
Melee: War axe           |    87 |    80 ||   167
Armor: Scale mail        |    36 |    42 ||    78
Dodge: Dodged            |    22 |    24 ||    46
Block: Kite shield       |    60 |    47 ||   107
